Map: Whitewater Line LE

Players

PROGAMER - Winner!

  • Race: Terran Terran
  • Spawn Location: 1:00

Machine - Winner!

  • Race: Terran Terran
  • League: Platinum
  • Spawn Location: 12:00

DiamondPanda - Winner!

  • Race: Terran Terran
  • League: Diamond
  • Spawn Location: 1:00

sexyAPM

  • Race: Zerg Zerg
  • Spawn Location: 6:00

Massa

  • Race: Terran Terran
  • League: Gold
  • Spawn Location: 7:00

qqq

  • Race: Zerg Zerg
  • League: Platinum
  • Spawn Location: 7:00

VOD

Have the link to the VOD?

Description

Time

  • Played on: April 26, 2020, 2:59 p.m.
  • Length: 15:34
Show
View Real Time Build Order
Export as new Build Order

PROGAMER Terran - Winner!

Build Orders: 2 Factory, Hellion Opening 

Get SALT Encoding   

  12  0:01  SCV  
  13  0:13  SCV  
  14  0:25  SCV  
  14  0:27  Supply Depot  
  15  0:48  SCV  
  16  0:51  Barracks  
  16  0:54  Refinery  
  16  1:01  SCV  
  16  1:03  Refinery  
  17  1:13  SCV  
  18  1:25  SCV  
  19  1:33  Supply Depot  
  19  1:37  SCV  
  20  1:42  Factory  
  20  1:49  Marine  
  20  1:53  Orbital Command  
  21  2:05  Factory  
  21  2:20  Barracks Reactor  
  21  2:27  Factory Reactor  
  21  2:41  SCV  
  22  3:05  Command Center  
  22  3:07  Hellion x2  
  26  3:16  SCV  
  26  3:19  Supply Depot  
  27  3:22  Hellion x2  
  31  3:41  Hellion x2  
  35  3:43  Hellion x2  
  35  3:44  Supply Depot  
  39  4:06  Hellion x2  
  39  4:07  Armory, Supply Depot  
  37  4:49  Hellion x3  
  43  4:57  Hellion  
  43  5:00  Supply Depot x2  
  31  5:15  Hellion x2  
  31  5:16  Orbital Command  
  31  5:21  Barracks Tech Lab  
  35  5:23  Factory  
  35  5:31  Hellion x2  
  39  5:39  Hellion  
  39  5:42  Hellion, Supply Depot  
  39  5:52  SCV  
  39  5:56  Widow Mine x2  
  44  5:58  Widow Mine x2  
  44  6:04  SCV  
  44  6:10  Refinery  
  41  6:16  SCV  
  41  6:18  SCV, Engineering Bay  
  43  6:19  Terran Vehicle Weapons Level 1  
  43  6:29  SCV  
  43  6:30  SCV  
  45  6:40  Widow Mine x3  
  45  6:45  Missile Turret  
  51  6:51  Supply Depot  
  51  6:57  Missile Turret  
  51  6:59  Missile Turret  
  51  7:04  SCV  
  52  7:11  Thor  
  58  7:16  SCV  
  58  7:21  Refinery  
  59  7:26  Hellion x2  
  59  7:27  Hellion x2  
  59  7:28  SCV  
  68  7:30  Supply Depot  
  68  7:34  Hellion x4  
  68  7:40  SCV  
  69  7:52  SCV  
  69  7:56  Infernal Pre-Igniter  
  74  7:58  Hellion x2  
  74  7:59  Thor  
  74  8:04  SCV  
  81  8:11  Widow Mine  
  83  8:14  Terran Vehicle And Ship Armor Level 1  
  83  8:16  SCV  
  84  8:28  Missile Turret  
  84  8:32  Hellion x2  
  90  8:35  Widow Mine  
  76  9:15  Drilling Claws  
  68  9:21  Thor  
  68  9:22  Hellion x3  
  62  9:33  Supply Depot  
  64  9:46  Hellion x2  
  66  9:59  Supply Depot  
  66  10:04  Thor  
  72  10:07  Terran Vehicle Weapons Level 2  
  72  10:29  Widow Mine x2  
  72  10:30  Widow Mine x2  
  72  10:33  Supply Depot  
  80  10:37  Supply Depot  
  80  10:38  Command Center  
  76  10:46  Thor  
  82  10:51  Widow Mine  
  84  11:05  Hellion  
  86  11:17  Hellion x2  
  90  11:29  Thor  
  86  11:44  Hellion x2  
  78  12:08  Planetary Fortress  
  66  12:11  Missile Turret  
  66  12:12  Thor  
  66  12:15  Hellion x3  
  78  12:23  Terran Vehicle And Ship Armor Level 2  
  78  12:33  Missile Turret  
  78  12:39  Widow Mine x2  
  78  12:40  Widow Mine  
  84  12:44  Supply Depot  
  84  12:47  SCV  
  85  12:55  Siege Tank  
  88  12:59  SCV  
  89  13:07  Hellion x4  
  89  13:11  SCV, Supply Depot  
  98  13:23  SCV  
  99  13:27  Thor  
  93  14:02  Hellion  
  93  14:08  SCV  
  94  14:10  Refinery, Thor  
  94  14:11  Refinery  
  94  14:20  SCV  
  94  14:24  Hellion x4  
  97  14:53  Siege Tank  
  97  14:56  Hellion  
  97  14:57  Hellion x2  
  100  15:18  SCV  
Show
View Real Time Build Order
Export as new Build Order

Machine Terran - Winner!

Build Orders: Banshee Rush 

Get SALT Encoding   

  12  0:01  SCV  
  13  0:16  Supply Depot  
  13  0:18  SCV  
  14  0:30  SCV  
  15  0:39  Barracks  
  15  0:44  Refinery  
  15  0:47  SCV  
  16  0:59  Refinery, SCV  
  17  1:11  SCV  
  18  1:23  SCV  
  19  1:26  Reaper  
  20  1:35  SCV  
  21  1:40  Supply Depot  
  21  1:47  Factory  
  21  1:53  Orbital Command  
  21  2:01  Marine  
  22  2:19  Marine  
  23  2:51  Starport  
  23  2:53  Factory Tech Lab, Marine  
  23  2:55  SCV  
  25  3:19  SCV  
  26  3:31  SCV  
  27  3:36  Command Center  
  27  3:37  Starport, Factory Tech Lab  
  27  3:39  Banshee, Cloaking Field  
  30  3:43  SCV  
  31  3:59  Marine  
  31  4:03  Bunker  
  31  4:10  Supply Depot  
  31  4:13  Supply Depot  
  31  4:21  Factory Tech Lab  
  31  4:31  Banshee x2, SCV  
  31  4:33  Hyperflight Rotors  
  38  4:38  Supply Depot  
  38  4:43  SCV  
  39  4:48  Starport  
  39  4:55  SCV  
  39  4:58  Orbital Command  
  40  5:26  Starport Tech Lab  
  46  5:42  SCV, Siege Tank  
  47  5:43  SCV  
  47  5:45  Refinery  
  45  5:56  SCV  
  45  5:57  SCV, Engineering Bay  
  47  6:06  Viking x3  
  47  6:08  SCV  
  48  6:15  SCV  
  48  6:17  Barracks Reactor  
  49  6:21  SCV  
  49  6:33  Missile Turret  
  49  6:40  Missile Turret  
  49  6:41  Viking x3  
  55  6:50  Cyclone, SCV x2  
  60  6:55  Refinery  
  60  7:02  SCV, Marine x2  
  63  7:08  SCV, Barracks  
  63  7:10  Barracks  
  63  7:14  Missile Turret  
  63  7:15  SCV  
  65  7:17  Missile Turret  
  65  7:20  SCV  
  66  7:27  SCV  
  67  7:31  Viking x2, Medivac  
  67  7:32  SCV, Marine  
  67  7:34  Marine  
  76  7:39  SCV  
  77  7:53  SCV x2  
  77  7:56  Missile Turret  
  77  7:57  Hi-Sec Auto Tracking  
  76  8:00  Widow Mine  
  76  8:04  Armory  
  78  8:34  Barracks Reactor, Barracks Tech Lab  
  78  8:36  Supply Depot  
  78  8:37  Supply Depot  
  78  8:38  Supply Depot  
  78  8:43  Supply Depot  
  78  8:55  Command Center  
  78  8:58  Liberator, Marine x3, SCV x2  
  78  8:59  Thor  
  78  9:01  Terran Vehicle And Ship Armor Level 1  
  92  9:10  SCV x2  
  94  9:31  Marine x4  
  94  9:32  Marine  
  94  9:34  Liberator  
  94  9:36  Medivac  
  104  9:42  SCV x2  
  106  9:54  SCV x2  
  108  10:00  Marine x2  
  108  10:07  Marauder, Marine x2, Thor, Medivac, SCV, Viking  
  110  10:08  Orbital Command  
  110  10:13  Supply Depot  
  125  10:14  Refinery x2  
  125  10:15  Supply Depot  
  125  10:34  Supply Depot  
  125  10:35  SCV, Marine x5, Viking  
  133  10:36  Supply Depot x2  
  133  10:38  Supply Depot  
  118  11:05  Marine x4  
  118  11:06  Marine  
  118  11:07  Siege Tank  
  118  11:09  Liberator x2  
  118  11:10  Liberator  
  118  11:11  Stimpack  
  125  12:01  Marine x2  
  125  12:02  Marine x3  
  125  12:03  Siege Tank  
  125  12:04  Viking x3  
  125  12:07  SCV x3  
  142  12:19  SCV x3  
  142  12:21  Fusion Core  
  145  12:57  Terran Vehicle And Ship Armor Level 2  
  145  13:00  Starport Reactor  
  145  13:07  Marine  
  145  13:08  Marine x3  
  145  13:10  Viking x2  
  145  13:11  Thor  
  159  13:34  SCV  
  159  13:35  SCV x2  
  159  13:40  Supply Depot  
  162  13:41  Supply Depot  
  162  13:42  Marine x3  
  162  13:43  Supply Depot  
  162  13:45  Supply Depot  
  165  13:48  Advanced Ballistics  
  165  13:53  SCV, Marine, Battlecruiser  
  165  13:54  Supply Depot  
  173  13:55  Supply Depot  
  173  14:02  Viking, Battlecruiser  
  181  14:03  SCV, Viking  
  166  14:53  Viking x2  
  166  14:54  Marine x5  
Show
View Real Time Build Order
Export as new Build Order

DiamondPanda Terran - Winner!

Build Orders:  

Get SALT Encoding   

  12  0:01  SCV  
  13  0:13  SCV  
  14  0:18  Supply Depot  
  14  0:25  SCV  
  15  0:39  SCV  
  16  0:44  Barracks  
  16  0:46  Refinery  
  16  0:52  SCV  
  17  1:04  Barracks  
  17  1:14  Barracks  
  17  1:18  SCV  
  18  1:28  Refinery  
  18  1:32  SCV  
  19  1:44  SCV  
  20  1:47  Supply Depot  
  20  1:55  Reaper x2  
  22  2:01  Reaper  
  23  2:10  Supply Depot  
  23  2:27  Reaper x2  
  25  2:33  Reaper, Supply Depot  
  26  2:59  Reaper x2, Orbital Command  
  28  3:05  Reaper  
  29  3:31  Reaper x2  
  30  3:37  Reaper  
  31  4:03  Reaper x2, Command Center  
  34  4:10  Reaper  
  34  4:15  Supply Depot  
  34  4:16  Supply Depot  
  33  4:35  Reaper x2  
  35  4:42  Reaper  
  36  4:52  SCV  
  37  5:04  SCV  
  38  5:07  Reaper x2  
  38  5:14  Reaper  
  35  5:16  SCV  
  33  5:28  SCV  
  33  5:34  Orbital Command  
  34  5:40  SCV  
  38  5:53  SCV  
  38  5:56  Marine x3  
  39  6:05  SCV x2, Command Center  
  39  6:10  Refinery  
  40  6:13  Refinery, Marine x2  
  40  6:14  Marine  
  40  6:17  SCV x2  
  44  6:29  SCV x2  
  44  6:31  Marine x3  
  42  6:41  SCV x2  
  42  6:42  Engineering Bay  
  44  6:49  Marine x3  
  44  6:53  SCV x2  
  48  7:05  SCV x2  
  51  7:11  Barracks Reactor, Barracks Tech Lab x2  
  50  7:16  Factory  
  50  7:17  SCV  
  50  7:18  SCV  
  52  7:29  SCV  
  53  7:30  SCV, Orbital Command  
  53  7:32  Missile Turret  
  54  7:43  Missile Turret  
  54  7:44  Missile Turret  
  54  7:46  Missile Turret  
  54  7:48  Missile Turret  
  54  7:50  Missile Turret  
  54  7:53  Missile Turret  
  54  7:55  Engineering Bay  
  54  7:57  Engineering Bay  
  54  8:04  Combat Shield  
  54  8:10  Marine x2  
  56  8:14  Marauder x2  
  56  8:15  Missile Turret  
  60  8:21  Starport  
  60  8:25  SCV x3  
  63  8:37  SCV x3  
  63  8:40  Armory  
  66  8:49  SCV x3  
  66  8:50  Marine x4  
  73  9:01  SCV x3  
  76  9:05  Starport Reactor  
  76  9:08  Marine  
  59  9:44  Factory  
  57  9:46  Factory x2  
  57  9:48  Factory  
  57  9:51  Factory  
  56  9:55  Factory  
  56  9:58  Armory  
  56  10:21  SCV x2  
  58  10:38  Factory Tech Lab x6  
  58  10:46  Terran Vehicle And Ship Armor Level 1, Terran Vehicle Weapons Level 1  
  58  10:52  Command Center  
  58  10:57  Supply Depot  
  58  10:58  Supply Depot  
  58  10:59  Supply Depot x2  
  58  11:00  Supply Depot x2  
  58  11:08  Thor  
  58  11:09  Thor x2  
  76  11:18  Thor  
  76  11:24  Thor, Supply Depot  
  88  11:26  Thor  
  94  11:42  Supply Depot  
  94  11:43  Supply Depot  
  94  11:45  Supply Depot  
  94  11:46  Supply Depot  
  93  12:08  Thor x2  
  97  12:30  Thor  
  103  12:43  SCV  
  105  12:44  SCV  
  105  12:48  Orbital Command  
  105  12:55  SCV  
  105  12:56  SCV  
  107  13:04  Refinery  
  107  13:08  SCV x2  
  107  13:10  Refinery  
  115  13:15  Terran Vehicle And Ship Armor Level 2, Terran Vehicle Weapons Level 2  
  111  13:29  SCV x3  
  112  13:35  Smart Servos  
  112  13:36  Thor x3  
  112  13:37  Thor  
  136  13:41  SCV  
  137  13:55  Thor x2  
  149  14:06  Supply Depot x2  
  149  14:08  Supply Depot  
  149  14:10  Supply Depot  
  149  14:24  Thor x3  
  149  14:59  SCV  
  150  15:09  Command Center  
Show
View Real Time Build Order
Export as new Build Order

sexyAPM Zerg 

Build Orders: Hatch First 

Get SALT Encoding   

  12  0:02  Drone  
  13  0:35  Hatchery  
  12  0:48  Spawning Pool  
  11  0:53  Drone  
  12  1:01  Extractor  
  12  1:02  Drone  
  12  1:12  Overlord  
  12  1:20  Drone  
  13  1:35  Zergling x4  
  13  1:38  Zergling x2  
  16  1:46  Queen  
  18  1:52  Zergling x2  
  19  1:56  Zergling x2  
  20  2:02  Zergling x2  
  20  2:07  Zergling x2  
  22  2:17  Metabolic Boost  
  21  2:40  Zergling x6  
  21  2:41  Zergling x4  
  25  2:57  Zergling x4  
  26  3:15  Zergling x2  
  26  3:19  Overlord  
  27  3:22  Overlord  
  27  3:37  Queen  
  27  3:40  Zergling x8  
  31  4:05  Drone  
  31  4:06  Drone x2  
  31  4:08  Drone  
  35  4:12  Queen  
  37  4:17  Drone x2  
  39  4:26  Drone  
  26  4:50  Zergling x12  
  26  4:51  Zergling x2  
  33  4:58  Zergling x6  
  26  5:29  Drone x3, Zergling x4  
  26  5:30  Drone  
  32  5:37  Extractor  
  32  5:41  Drone x3  
  34  5:43  Drone  
  35  5:59  Overlord x2  
  28  6:34  Drone x2  
  28  6:35  Drone x6  
  36  6:45  Extractor, Roach Warren  
  34  6:50  Drone x3  
  34  6:51  Drone  
  38  6:54  Lair  
  38  6:56  Drone x2  
  40  7:07  Drone x3  
  43  7:17  Drone x2  
  45  7:23  Baneling Nest  
  45  7:26  Roach x4  
  52  7:33  Overlord  
  52  7:36  Overlord  
  49  7:56  Spore Crawler  
  48  8:01  Spore Crawler  
  48  8:04  Roach x4  
  48  8:05  Roach  
  57  8:07  Roach x3  
  57  8:11  Overlord  
  63  8:17  Drone x2  
  65  8:31  Roach  
  65  8:33  Overlord x3  
  67  8:43  Glial Reconstitution  
  67  8:53  Roach  
  67  8:54  Roach x4  
  77  9:07  Roach x3  
  83  9:24  Overlord x2  
  83  9:25  Overlord x3  
  83  9:43  Roach x5  
  93  9:53  Infestation Pit  
  93  9:56  Nydus Network  
  91  10:02  Pneumatized Carapace  
  91  10:13  Roach x4  
  99  10:15  Ravager x3  
  99  10:16  Ravager x2  
  99  10:17  Ravager  
  105  10:55  Roach x3  
  105  10:56  Roach x6  
  94  12:22  Hive  
  93  12:51  Hydralisk Den  
  92  13:21  Hydralisk x3  
  92  13:22  Hydralisk x5  
  108  13:28  Overlord x2  
  108  13:29  Overlord  
  108  13:31  Hatchery  
  106  13:49  Roach x7  
  106  13:50  Roach x2  
  118  14:22  Hydralisk  
  118  14:23  Hydralisk x2  
  39  15:02  Roach x5  
  39  15:03  Hydralisk x6, Roach x2  
  39  15:04  Hydralisk  
Show
View Real Time Build Order
Export as new Build Order

Massa Terran 

Build Orders:  

Get SALT Encoding   

  12  0:11  Supply Depot  
  13  0:14  SCV  
  13  0:26  SCV  
  14  0:34  Barracks  
  14  0:38  SCV  
  15  0:50  SCV  
  16  1:02  SCV  
  17  1:04  Supply Depot  
  17  1:24  Marine  
  18  1:26  Barracks  
  18  1:27  SCV, Barracks  
  20  1:41  Marine  
  20  1:46  Orbital Command  
  20  1:59  Marine  
  21  2:09  Refinery  
  21  2:14  Barracks  
  21  2:21  Marine x3  
  24  2:38  Marine  
  24  2:39  Marine  
  24  2:42  SCV  
  26  2:59  Marine x2  
  26  3:04  Marine x2  
  30  3:17  Marine  
  31  3:22  Factory  
  31  3:25  Supply Depot  
  31  3:26  Supply Depot  
  31  3:27  Marine  
  31  3:28  Marine  
  31  3:31  Marine  
  30  3:35  Marine  
  31  3:45  Marine  
  31  3:46  Marine  
  33  3:49  Marine  
  33  3:52  Marine  
  34  4:03  Marine x2  
  34  4:06  Marine  
  37  4:10  Factory Tech Lab  
  36  4:17  Marine  
  36  4:21  Marine x2  
  39  4:24  Marine  
  39  4:35  Marine  
  40  4:38  Marine  
  40  4:39  Marine  
  41  4:50  Siege Tank  
  41  5:06  Marine x2  
  41  5:07  Marine x2  
  29  5:24  Marine x4  
  28  5:29  Siege Tank  
  31  5:42  Marine x4  
  32  5:53  SCV  
  33  6:00  Marine x4  
  37  6:05  SCV  
  38  6:17  SCV  
  39  6:21  Command Center  
  39  6:23  Barracks Tech Lab  
  40  6:29  SCV  
  40  6:32  Barracks Reactor  
  40  6:33  Marine x2  
  42  6:45  SCV  
  43  6:50  Marine  
  43  6:51  Marine  
  43  6:53  Refinery  
  45  6:57  SCV  
  46  7:08  Marine  
  46  7:09  Marauder, Marine x3  
  46  7:14  Combat Shield  
  52  7:30  Marauder  
  53  7:59  Marine  
  53  8:00  Marauder, Marine x3  
  53  8:04  SCV  
  60  8:09  SCV  
  61  8:16  SCV  
  61  8:17  Marine  
  61  8:18  Marine x3  
  66  8:21  SCV, Marauder  
  69  8:35  Marine  
  70  8:44  Supply Depot  
  70  9:05  Marine x3  
  70  9:06  Siege Tank  
  70  9:07  Supply Depot  
  74  9:19  Marauder, Marine  
  74  9:23  Marine x3  
  77  9:37  Marine  
  78  9:41  Marauder, Marine x2  
  82  10:00  SCV, Engineering Bay  
  83  10:12  SCV  
  84  10:16  Command Center  
  84  10:24  SCV, Armory  
  84  10:28  Engineering Bay  
  85  10:36  SCV  
  74  11:06  Marauder, Marine x4  
  80  11:12  Armory  
  80  11:21  SCV x2  
  80  11:24  Marine x3  
  85  11:28  Marauder  
  87  11:33  SCV x2  
  85  11:45  SCV x2  
  79  11:49  Marauder  
  78  11:56  SCV  
  78  11:57  SCV x2  
  76  12:08  SCV  
  74  12:09  SCV x2  
  76  12:18  Marauder, Marine x3  
  76  12:19  Marine  
  76  12:20  SCV  
  76  12:21  Thor  
  89  12:24  SCV x2  
  91  12:32  SCV  
  91  12:36  SCV, Marine x4  
  97  12:37  Orbital Command  
  97  12:40  Marauder  
  97  12:42  Refinery  
  99  12:44  SCV  
  99  12:46  Terran Infantry Armor Level 1, Terran Infantry Weapons Level 1  
  99  12:48  SCV, Terran Vehicle And Ship Armor Level 1, Terran Vehicle Weapons Level 1  
  101  13:00  Supply Depot  
  101  13:02  Supply Depot  
  101  13:04  Supply Depot  
  101  13:21  Thor  
  101  13:22  Marauder, Command Center  
  101  13:24  Marine x4  
  113  13:31  Supply Depot  
  113  13:41  Marine x4  
  113  13:43  Marauder  
  114  13:53  Supply Depot  
  82  13:59  Marine x4  
  75  14:04  Marine  
  72  14:15  Supply Depot  
  64  14:17  Marine x4  
  64  14:22  Marauder  
  51  14:35  Marine x4  
  55  14:44  Marauder  
  51  14:53  Marine x3  
  51  14:59  Marine  
  53  15:03  SCV  
  53  15:05  Marauder  
  56  15:10  Marine  
  56  15:15  SCV  
  56  15:21  Barracks, Command Center  
  52  15:22  Barracks  
Show
View Real Time Build Order
Export as new Build Order

qqq Zerg 

Build Orders: Hatch First, Brood Lord Corruptor 

Get SALT Encoding   

  12  0:04  Drone  
  13  0:12  Drone  
  14  0:44  Hatchery  
  13  0:50  Spawning Pool  
  13  0:55  Drone  
  13  0:57  Extractor  
  12  1:05  Overlord  
  12  1:13  Drone  
  12  1:15  Drone  
  14  1:27  Drone  
  15  1:37  Drone  
  16  1:43  Drone  
  19  2:03  Lair  
  19  2:05  Drone, Queen  
  19  2:08  Drone  
  21  2:14  Overlord  
  21  2:31  Spine Crawler  
  21  2:36  Spore Crawler  
  20  2:37  Drone x3  
  20  2:41  Drone  
  23  2:44  Drone  
  23  2:48  Extractor  
  23  2:50  Drone  
  24  2:57  Drone x2  
  26  3:08  Infestation Pit  
  25  3:13  Drone x2  
  25  3:14  Drone  
  25  3:17  Drone  
  29  3:29  Drone x3  
  29  3:31  Drone x2  
  34  3:42  Overlord  
  34  3:47  Hive  
  34  4:00  Spire  
  34  4:02  Drone x2  
  35  4:04  Extractor  
  35  4:06  Extractor, Drone  
  34  4:10  Drone  
  34  4:11  Overlord  
  35  4:18  Drone  
  35  4:24  Overlord  
  36  4:32  Overlord  
  36  4:33  Drone  
  37  4:42  Drone  
  37  4:43  Drone x2  
  40  4:56  Spine Crawler  
  40  4:59  Drone x2  
  41  5:00  Spine Crawler  
  41  5:05  Queen  
  42  5:11  Mutalisk  
  42  5:12  Mutalisk x2  
  42  5:13  Mutalisk x2  
  52  5:19  Overseer  
  52  5:26  Pneumatized Carapace  
  52  5:29  Drone x3  
  55  5:36  Greater Spire  
  55  5:43  Drone  
  55  5:44  Mutalisk  
  58  6:07  Mutalisk  
  60  6:37  Overlord x3  
  60  6:38  Overlord x3  
  56  6:53  Corruptor  
  56  6:55  Corruptor x2  
  62  7:05  Corruptor  
  62  7:07  Zerg Flyer Weapons Level 1  
  64  7:17  Drone  
  64  7:18  Corruptor  
  67  7:24  Corruptor  
  67  7:25  Hatchery  
  68  7:37  Drone x2  
  68  7:38  Drone x3  
  73  7:45  Brood Lord  
  73  7:50  Hatchery  
  74  7:52  Hatchery  
  73  8:00  Hatchery  
  73  8:03  Brood Lord x2  
  76  8:26  Brood Lord x2  
  80  8:33  Corruptor  
  82  8:35  Zergling x10  
  82  8:36  Zergling x10  
  82  8:37  Zergling x2  
  82  8:41  Drone  
  94  8:43  Overlord  
  94  8:56  Corruptor  
  94  8:57  Corruptor  
  94  9:02  Zerg Flyer Armor Level 1  
  79  9:22  Corruptor  
  79  9:23  Corruptor x2  
  69  9:31  Drone x8  
  69  9:35  Corruptor x2  
  76  9:51  Drone x2, Extractor  
  76  9:52  Drone x2, Extractor  
  79  9:55  Brood Lord  
  80  10:02  Brood Lord  
  82  10:15  Drone x3  
  82  10:16  Drone x5  
  90  10:21  Extractor  
  90  10:23  Extractor  
  90  10:26  Brood Lord  
  90  10:27  Brood Lord  
  92  10:45  Corruptor x2  
  92  10:49  Zergling x2  
  98  10:50  Zergling x14  
  98  10:51  Drone x6  
  98  10:52  Drone x3, Overlord x2  
  112  11:06  Brood Lord x2  
  115  11:26  Overseer  
  115  11:33  Brood Lord  
  97  11:55  Corruptor x4  
  97  11:58  Zergling x2  
  97  11:59  Zergling x2  
  97  12:00  Drone x7  
  97  12:01  Drone x2  
  97  12:05  Extractor  
  96  12:09  Extractor  
  96  12:13  Corruptor  
  96  12:14  Corruptor  
  99  12:34  Zergling x2  
  99  12:35  Zergling x6  
  99  12:43  Hydralisk Den  
  98  12:46  Queen  
  98  12:49  Zergling x8  
  98  12:50  Zergling x2  
  105  13:00  Corruptor x3  
  105  13:01  Corruptor  
  113  13:06  Zerg Flyer Weapons Level 2  
  113  13:12  Hatchery  
  112  13:16  Hatchery x2  
  110  13:22  Hatchery  
  110  13:26  Brood Lord x2  
  97  13:44  Hydralisk x2  
  97  13:45  Hydralisk x3  
  97  13:46  Corruptor  
  109  13:51  Brood Lord  
  109  13:52  Brood Lord x4  
  119  13:57  Drone x6  
  119  14:02  Metabolic Boost  
  125  14:17  Spine Crawler  
  124  14:20  Spine Crawler  
  110  14:35  Corruptor x2  
  110  14:36  Corruptor x5  
  88  14:58  Drone  
  88  14:59  Drone x5  
  86  15:00  Corruptor x2  
  86  15:01  Corruptor x3  
  86  15:05  Corruptor  
  96  15:09  Brood Lord  
Tags
 
Add a new tag
Caveats
  • Supply blocks, unpowered buildings, or Contaminate may cause inaccurate times.
  • Supply counts are checked every 10 seconds.